Description

Testing

Build Order

Get SALT Encoding   

  12  0:01  Drone  
  13  0:12  Overlord  
  13  0:17  Drone  
  14  0:31  Drone x2  
  16  0:38  Drone  
  17  0:46  Spawning Pool  
  17  0:48  Drone  
  17  0:56  Drone  
  18  1:13  Hatchery  
  18  1:14  Extractor  
  18  1:17  Drone  
  17  1:28  Drone  
  18  1:34  Zergling x2  
  18  1:35  Roach Warren  
  18  1:44  Drone  
  20  1:55  Queen  
  22  2:01  Overlord  
  22  2:20  Roach x3  
  26  2:26  Queen  
  29  2:37  Spore Crawler  
  33  3:05  Lair  
  34  3:06  Overlord  
  34  3:12  Overlord  
  35  3:18  Extractor  
  38  3:38  Queen  
  50  4:04  Extractor x2  
  50  4:06  Overlord  
  48  4:12  Spire  
  48  4:21  Overseer  
  55  4:39  Glial Reconstitution  
  56  4:53  Roach x5  
  66  5:06  Hatchery  
  65  5:26  Roach x2  
  75  5:40  Corruptor x3  
  79  5:48  Ravager x3  
  90  5:59  Evolution Chamber x2  
  91  7:03  Zerg Missile Weapons Level 1  
  83  7:19  Corruptor x2  
  90  7:23  Extractor x2  
  94  7:37  Hatchery  
  97  7:47  Ravager x3  
  97  7:48  Corruptor  
  106  7:52  Zerg Flyer Weapons Level 1, Roach x20  Max out on Roach Ravager
Spawning Tool Build Advisor. Get it on Overwolf

Analysis

Testing

Go to:

Details

  • Created by: crisperrgk
  • Published on: Apr 10, 2017
  • Modified on: Apr 10, 2017
  • Patch: 3.8.0
Show
View Real Time Build Order
Export as new Build Order

Comments (0)

There are no comments. Be the first!

Create an account to comment!